 Dungeon Crawl Stone Soup version 0.22.1-1-ga44c0e5 (webtiles) character file.

58947 Lluna the Eclecticist (level 14, -6/68 HPs)
             Began as a Deep Elf Conjurer on Oct 23, 2018.
             Was a High Priest of Ru.
             Mangled by a demon whip of chaos (8 damage)
             ... on level 6 of the Lair of Beasts.
             The game lasted 03:04:15 (34675 turns).

Lluna the Eclecticist (Deep Elf Conjurer)          Turns: 34675, Time: 03:04:16

Health: -6/68      AC: 11    Str:  5    XL:     14   Next: 51%
Magic:  41/46      EV: 22    Int: 24    God:    Ru [*****.]
Gold:   1556       SH:  0    Dex: 15    Spells: 19/47 levels left

rFire    . . .     SeeInvis +   (no weapon)
rCold    . . .     Gourm    .   (no shield)
rNeg     . . .     Faith    +   L - +3 leather armour
rPois    .         Spirit   .   x - +2 helmet
rElec    .         Reflect  .   (no cloak)
rCorr    .         Harm     .   (no gloves)
MR       +....                  y - +1 pair of boots
Stlth    ++........             F - amulet of faith
HPRegen  0.21/turn              b - ring of magical power
MPRegen  0.30/turn              E - ring of see invisible

@: exhausted, no scrolls, hasted, very quick
A: weak 1, inability to read while threatened, inability to use devices, hated
by all
a: Draw Out Power, Power Leap, Apocalypse, Renounce Religion


You were on level 6 of the Lair of Beasts.
You worshipped Ru.
Ru was extremely pleased with you.
You were very hungry.

You visited 3 branches of the dungeon, and saw 21 of its levels.
You also visited: Sewer.

You collected 1556 gold pieces.

Inventory:

Missiles
 q - 2 throwing nets (quivered)
Armour
 d - a +1 robe of magic resistance {Actually pretty nice}
 x - a +2 helmet (worn)
 y - a +1 pair of boots (worn)
 I - a +0 leather armour of cold resistance
 L - a +3 leather armour (worn)
Jewellery
 a - an uncursed ring of magical power
 b - a ring of magical power (left hand)
 r - an uncursed ring of ice
 t - an uncursed ring of fire
 C - an uncursed ring of protection from fire
 E - a ring of see invisible (right hand)
 F - an amulet of faith (around neck)
 K - an uncursed ring of poison resistance
 M - an uncursed ring of positive energy
Scrolls
 e - 5 scrolls of amnesia
 g - 7 scrolls of teleportation
 h - 7 scrolls of remove curse
 n - 3 scrolls of enchant armour
 u - 4 scrolls of identify
 z - 2 scrolls of fog
 B - a scroll of immolation
 G - 3 scrolls of enchant weapon {Hehehe tits}
 J - a scroll of fear
 N - a scroll of magic mapping
Potions
 i - 4 potions of brilliance
 j - 5 potions of curing
 k - 3 potions of lignification
 l - 3 potions of haste
 m - 3 potions of mutation
 o - a potion of magic
 p - 2 potions of ambrosia
 s - 2 potions of flight
 v - 6 potions of agility
 w - 4 potions of berserk rage
 A - a potion of resistance
 D - 2 potions of cancellation
 H - a potion of might
Comestibles
 c - 28 rations


   Skills:
 + Level 16.0 Dodging
 - Level 2.4 Stealth
 + Level 17.3 Spellcasting
 + Level 15.3 Conjurations
 + Level 9.9 Earth Magic


You had 19 spell levels left.
You knew the following spells:

 Your Spells              Type           Power        Failure   Level  Hunger
a - Magic Dart            Conj           ####         0%          1    None
b - Searing Ray           Conj           ######       0%          2    None
c - Dazzling Spray        Conj/Hex       ######       1%          3    None
d - Iskenderun's Mystic   Conj           #######.     1%          4    None
e - Force Lance           Conj/Tloc      ######..     1%          4    None
f - Leda's Liquefaction   Hex/Erth       #####.....   5%          4    None
g - Iron Shot             Conj/Erth      ######....   3%          6    ####...
h - Fulminant Prism       Conj/Hex       ######....   1%          4    None

Your spell library contained the following spells:

 Spells                   Type           Power        Failure   Level  Hunger
 Flame Tongue             Conj/Fire      #####        1%          1    None
 Throw Flame              Conj/Fire      ######       1%          2    None
 Conjure Flame            Conj/Fire      ######..     1%          3    None
 Sticky Flame             Conj/Fire      ######..     1%          4    None
 Bolt of Magma            Conj/Fire/Erth ######....   3%          5    None
 Apportation              Tloc           ###...       4%          1    None
 Fireball                 Conj/Fire      ######....   4%          5    None
 Inner Flame              Hex/Fire       ###.....     12%         3    None
 Lesser Beckoning         Tloc           ###.......   12%         3    None
 Tukima's Dance           Hex            ###.....     12%         3    None
 Statue Form              Tmut/Erth      #####....    63%         6    ####...
 Alistair's Intoxication  Tmut/Pois      ###.....     75%         5    None
 Invisibility             Hex            ###.....     99%         6    ####...
 Shatter                  Erth           ######....   100%        9    #######
 Summon Butterflies       Summ           Unusable     N/A         1    N/A

Dungeon Overview and Level Annotations

Branches:
Dungeon (14/15)            Temple (0/1) D:7            Lair (6/6) D:8
  Swamp (0/4) Lair:4       Spider (0/4) Lair:2        Slime (0/5) Lair:6
    Orc (1/2) D:10
 Vaults: D:13-14

Altars:
Ashenzari
Dithmenos
Fedhas
Makhleb
Ru
Vehumet
Xom

Shops:
D:13 !(

Portals:
Hell: Lair:6

Annotations:
D:5 exclusion: downstairs
D:8 2 transporters, exclusion: door, Jaiteiro's ghost, novice MiFi
Lair:6 exclusion: 2 oklob plants, Harpaggios's ghost, journeyman BaFi


Innate Abilities, Weirdness & Mutations

You are weak. (Str -2)
You cannot read scrolls while threatened.
You cannot study or use magical devices.
You are hated by all.


Message History

The demon whip of chaos hits you!
* * * LOW HITPOINT WARNING * * *
The demon whip of chaos burns you.
* * * LOW HITPOINT WARNING * * *
You focus your will and illuminate the demon whip of chaos in retribution!
You take 12 damage, and have 20/68 hp.
Okay, then.
Okay, then.
Okay, then.
You feel better. The demon whip of chaos hits you.
* * * LOW HITPOINT WARNING * * *
You regained 6 hp, and now have 26/68 hp.
You feel better. The demon whip of chaos hits you!
* * * LOW HITPOINT WARNING * * *
Space warps horribly around you!
* * * LOW HITPOINT WARNING * * *
You take 25 damage, and have 1/68 hp.
MASSIVE DAMAGE!!
You are feeling very hungry.
The demon whip of chaos hits you!
You die...

..............###...........##P..
..............P###...#...........
#............#####P.P#...#.......
....≈≈≈≈§≈...####.......##.......
....≈≈≈≈≈≈.P..#.#....#..P........
....§§≈≈§§P.........#............
....≈≈§≈≈≈..#....................
....≈≈≈§≈§§............W.#.......
.P...§§...§§....@(........##.....
.P....§§.................##......
.#............P......###.##......
###...#..P.P.#.......##..###..##.
####.......................#..#.#
.#......#..............#.....P.##
.....................##..........
.....................#.#.#.......
.###.................###....#....


You could see a demon whip of chaos and Harpaggios's ghost.

Vanquished Creatures
  Rupert (Lair:5)
  A dire elephant (Lair:6)
  Snorg (Lair:4)
  A hell beast (Lair:6)
  2 centaur warriors
  5 hydras
  3 two-headed ogres (D:12)
  Urug (Lair:5)
  A death yak (Lair:6)
  3 unseen horrors
  A lindwurm (Lair:4)
  A wizard (Lair:6)
  4 ugly things
  An oklob plant (Lair:6)
  An orb spider (Lair:2)
  3 elephants (Lair:6)
  6 black mambas
  A smoke demon (Lair:6)
  17 spiny frogs
  5 rime drakes
  3 ice devils (Lair:6)
  2 red devils (Lair:6)
  7 komodo dragons
  5 trolls
  2 slime creatures
  14 hippogriffs
  10 blink frogs
  2 bog bodies (Lair:4)
  6 dream sheep (Lair:4)
  A wyvern (Lair:3)
  62 yaks
  3 basilisks
  2 hungry ghosts
  3 vampire mosquitoes (D:14)
  A warg (D:10)
  A swamp worm (Lair:4)
  4 hell hounds (Lair:6)
  10 porcupines
  13 water moccasins
  6 phantoms
  A black bear (Lair:2)
  6 orc warriors
  An ice beast (D:6)
  A necrophage (D:9)
  3 sky beasts
  7 ogres
  2 wolves (D:8)
  8 centaurs
  16 crocodiles
  3 big kobolds
  2 gnoll sergeants
  15 bullfrogs
  2 wyvern zombies
  A wyvern skeleton (D:11)
  A scorpion (D:6)
  5 killer bees (D:10)
  12 wights
  A howler monkey (D:13)
  7 electric eels
  4 crimson imps
  A bullfrog zombie (D:12)
  11 orc priests
  12 hounds
  6 jellies
  3 bullfrog skeletons
  7 orc wizards
  4 centaur skeletons
  5 iguanas
  A hell rat (Lair:6)
  3 worker ants
  A hound zombie (D:11)
  3 worker ant zombies
  Robin (D:2)
  A howler monkey skeleton (D:10)
  10 adders
  11 gnolls
  A river rat (Sewer)
  2 shadow imps
  An ooze (D:5)
  An adder skeleton (D:8)
  3 worms (D:5)
  4 leopard geckos
  37 orcs
  6 giant cockroaches
  5 hobgoblins (D:2)
  8 jackals
  6 quokkas
  3 ball pythons
  8 bats
  10 frilled lizards
  18 goblins
  A jackal zombie (D:7)
  22 kobolds
  2 leopard gecko zombies
  8 rats
  A butterfly (Lair:5)
  2 fungi
543 creatures vanquished.

Vanquished Creatures (others)
  A slime creature (D:12)
  A basilisk (D:13)
  A water moccasin (Lair:2)
  A centaur (D:13)
  A bullfrog (Lair:5)
  2 bushes (Lair:2)
  5 fulminant prisms (Lair:6)
  24 fungi
  11 plants
47 creatures vanquished.

Grand Total: 590 creatures vanquished

Notes
Turn   | Place    | Note
-------+----------+-------------------------------------------
     0 | D:1      | Lluna the Deep Elf Conjurer began the quest for the Orb.
     0 | D:1      | Reached XP level 1. HP: 10/10 MP: 6/6
   357 | D:1      | Reached XP level 2. HP: 15/15 MP: 8/8
  1061 | D:2      | Reached XP level 3. HP: 19/19 MP: 10/10
  1258 | D:2      | Found a sacrificial altar of Ru.
  1264 | D:2      | Became a worshipper of Ru the Awakened
  1312 | D:2      | Noticed Robin
  1637 | D:2      | Reached skill level 4 in Spellcasting
  1833 | D:2      | Reached skill level 5 in Conjurations
  1972 | D:3      | Learned a level 2 spell: Searing Ray
  1977 | D:3      | Learned a level 3 spell: Dazzling Spray
  2071 | D:3      | Reached XP level 4. HP: 24/24 MP: 12/12
  2818 | D:2      | Learned a level 4 spell: Iskenderun's Mystic Blast
  2895 | D:2      | Noticed an ice beast
  3117 | D:2      | Killed Robin
  3134 | D:2      | Gained mutation: You are weak. (Str -2) [Ru sacrifice]
  3322 | D:4      | Reached XP level 5. HP: 23/28 MP: 14/14
  3585 | D:4      | Reached skill level 5 in Spellcasting
  4075 | D:5      | Entered Level 5 of the Dungeon
  4154 | D:5      | Reached XP level 6. HP: 28/32 MP: 16/16
  4234 | D:5      | Reached skill level 5 in Dodging
  4315 | D:5      | Found a glowing drain.
  4398 | Sewer    | Entered a sewer
  4604 | Sewer    | Reached skill level 6 in Spellcasting
  4687 | Sewer    | Found a white marble altar of Elyvilon.
  4895 | D:6      | Noticed an ice beast
  4910 | D:5      | Noticed a sky beast
  5078 | D:6      | Reached XP level 7. HP: 36/36 MP: 18/18
  5150 | D:6      | Learned a level 4 spell: Force Lance
  5465 | D:6      | Reached skill level 7 in Spellcasting
  5829 | D:6      | Gained mutation: You cannot study or use magical devices.
                  | [Ru sacrifice]
  5829 | D:6      | Reached * piety under Ru
  5829 | D:6      | Reached ** piety under Ru
  6063 | D:6      | Reached XP level 8. HP: 40/41 MP: 21/21
  6372 | D:5      | Reached skill level 8 in Spellcasting
  7600 | D:7      | Reached skill level 9 in Spellcasting
  7827 | D:7      | Reached XP level 9. HP: 36/45 MP: 24/24
  8620 | D:7      | Found a staircase to the Ecumenical Temple.
  8904 | D:7      | Gained mutation: You cannot read scrolls while threatened.
                  | [Ru sacrifice]
  8904 | D:7      | Reached *** piety under Ru
  8904 | D:7      | Reached **** piety under Ru
  9006 | D:8      | Reached skill level 10 in Spellcasting
  9195 | D:8      | Noticed a troll
  9201 | D:8      | Killed a troll
 10157 | D:8      | Found a staircase to the Lair.
 10450 | D:8      | Reached skill level 10 in Dodging
 10507 | D:8      | Found a transporter.
 10509 | D:8      | Noticed Jaiteiro's ghost (novice MiFi)
 10690 | D:8      | Found a transporter.
 10692 | D:8      | Found a shattered altar of Ashenzari.
 10857 | D:9      | Reached skill level 11 in Spellcasting
 10857 | D:9      | Reached skill level 10 in Conjurations
 11494 | D:9      | Found a shattered altar of Ashenzari.
 11939 | D:10     | Entered Level 10 of the Dungeon
 12053 | D:10     | Noticed a troll
 12056 | D:10     | Killed a troll
 12056 | D:10     | Reached XP level 10. HP: 50/50 MP: 27/27
 12208 | D:10     | Found a staircase to the Orcish Mines.
 12487 | D:10     | Noticed a centaur warrior
 12675 | D:11     | Found a shadowy altar of Dithmenos.
 13103 | D:11     | Noticed a cyan ugly thing
 13116 | D:11     | Killed a cyan ugly thing
 13250 | D:11     | Noticed an unseen horror
 13419 | Lair:1   | Entered Level 1 of the Lair of Beasts
 13439 | Lair:1   | Reached skill level 12 in Spellcasting
 14548 | Lair:2   | Noticed a spiny frog
 14552 | Lair:2   | Killed a spiny frog
 14552 | Lair:2   | Noticed a spiny frog
 14555 | Lair:2   | Killed a spiny frog
 14555 | Lair:2   | Reached XP level 11. HP: 54/54 MP: 10/29
 14956 | Lair:2   | Reached skill level 13 in Spellcasting
 15089 | Lair:2   | Noticed an orb spider
 16125 | D:11     | Killed an unseen horror
 16304 | D:11     | Noticed a red ugly thing
 16308 | D:11     | Killed a red ugly thing
 16728 | D:12     | You fall through a shaft!
 16738 | D:13     | Noticed an unseen horror
 16739 | D:13     | Noticed an unseen horror
 17126 | D:12     | Noticed a two-headed ogre
 17131 | D:12     | Killed a two-headed ogre
 17260 | D:12     | Noticed a white ugly thing
 17265 | D:12     | Killed a white ugly thing
 17435 | D:12     | Learned a level 4 spell: Leda's Liquefaction
 17442 | D:12     | Learned a level 6 spell: Iron Shot
 17445 | D:12     | Reached skill level 14 in Spellcasting
 17453 | D:12     | Reached skill level 1 in Earth Magic
 17553 | D:11     | Gained mutation: You are hated by all. [Ru sacrifice]
 17553 | D:11     | Reached ***** piety under Ru
 18111 | D:12     | Noticed a two-headed ogre
 18115 | D:12     | Killed a two-headed ogre
 18604 | Lair:2   | Reached XP level 12. HP: 39/59 MP: 32/32
 19141 | Lair:2   | Found a hole to the Spider Nest.
 19239 | Lair:2   | Noticed an eight-headed hydra
 19389 | Lair:2   | Killed an eight-headed hydra
 20996 | Lair:3   | Reached skill level 15 in Spellcasting
 20996 | Lair:3   | Reached skill level 5 in Earth Magic
 22320 | Lair:4   | Noticed a six-headed hydra
 23027 | Lair:4   | Found a staircase to the Swamp.
 23436 | Lair:4   | Reached XP level 13. HP: 63/63 MP: 34/34
 24567 | Lair:4   | Noticed Snorg
 24650 | Lair:4   | Killed Snorg
 25353 | Lair:5   | Reached skill level 16 in Spellcasting
 25532 | Lair:5   | Noticed Urug
 25544 | Lair:5   | Killed Urug
 26299 | Lair:5   | Noticed Rupert
 26350 | Lair:6   | Entered Level 6 of the Lair of Beasts
 26407 | Lair:6   | Found a radiant altar of Vehumet.
 26428 | Lair:6   | Reached skill level 15 in Dodging
 26727 | Lair:6   | Found the +11 plutonium sword {*Contam Stlth-}
 28450 | Lair:5   | Killed Rupert
 28967 | Lair:6   | Learned a level 4 spell: Fulminant Prism
 29001 | Lair:6   | Reached XP level 14. HP: 68/68 MP: 31/36
 29340 | Lair:6   | Found a runed door.
 29341 | Lair:6   | Found a shimmering altar of Xom.
 29341 | Lair:6   | Noticed Harpaggios's ghost (journeyman BaFi)
 30356 | Lair:6   | Reached skill level 17 in Spellcasting
 30356 | Lair:6   | Reached skill level 15 in Conjurations
 30558 | Lair:6   | Found a staircase to the Slime Pits.
 30997 | Lair:6   | Found a burning altar of Makhleb.
 31003 | Lair:6   | Found a gateway to Hell.
 31617 | Orc:1    | Entered Level 1 of the Orcish Mines
 32691 | D:13     | Found Zoiziw's Distillery.
 33108 | D:13     | Found Soedimeu's Antique Weapon Shop.
 33255 | D:14     | Found a blossoming altar of Fedhas.
 34671 | Lair:6   | HP: 1/68 [demon whip of chaos (25)]
 34675 | Lair:6   | Mangled by a demon whip of chaos

Skill      XL: |  1  2  3  4  5  6  7  8  9 10 11 12 13 14 |
---------------+-------------------------------------------+-----
Dodging        | 3 4 5 6 8 10 11 13 14 15 16 | 16.0
Spellcasting   | 4 5 6 7 9 11 12 14 15 16 17 | 17.3
Conjurations   | 5 6 7 8 10 11 12 13 14 15 | 15.3
Earth Magic    | 2 6 8 9 |  9.9
Stealth        | |  2.4

Action                   |  1- 3 |  4- 6 |  7- 9 | 10-12 | 13-15 || total
-------------------------+-------+-------+-------+-------+-------++-------
Melee: Unarmed           |       |       |       |       |     4 ||     4
 Cast: Magic Dart        |    83 |    62 |   135 |   129 |    60 ||   469
       Searing Ray       |     1 |    31 |    87 |   124 |    41 ||   284
       Iskenderun's Myst |       |       |    25 |   193 |   311 ||   529
       Force Lance       |       |       |     2 |    50 |    91 ||   143
       Fulminant Prism   |       |       |       |       |     5 ||     5
       Leda's Liquefacti |       |       |       |       |     3 ||     3
Invok: Sacrifice Purity  |       |     1 |       |       |       ||     1
       Sacrifice Artific |       |       |     1 |       |       ||     1
       Reject Sacrifices |       |       |     1 |     1 |       ||     2
       Sacrifice Words   |       |       |     1 |       |       ||     1
       Draw Out Power    |       |       |       |     1 |     2 ||     3
       Sacrifice Love    |       |       |       |     1 |       ||     1
       Power Leap        |       |       |       |       |     1 ||     1
  Use: Scroll            |       |    10 |     7 |    12 |     3 ||    32
       Potion            |       |     1 |     1 |     1 |     4 ||     7
  Eat: Chunk             |     3 |     8 |    14 |    23 |    19 ||    67
       Ration            |       |     1 |     2 |     3 |     4 ||    10
Armor: Robe              |     4 |     3 |       |     3 |       ||    10
       Troll leather arm |       |       |       |    10 |       ||    10
       Leather armour    |       |       |       |     2 |    16 ||    18
Dodge: Dodged            |    23 |    28 |    43 |   169 |   124 ||   387
